 Dungeon Crawl Stone Soup version 0.30-a0-605-gb2882149bf (webtiles) character file.

Game seed: 13422443287947071932

94 OTABOTABOTAB the Insei (level 4, -4/28 HPs)
             Began as an Octopode Transmuter on Jan 7, 2023.
             Slain by a gnoll
             ... wielding the +8 long sword "OTABOTABOTAB's Foe" {freeze, rPois rF- SInv}
              (19 damage)
             ... on level 2 of the Dungeon.
             The game lasted 00:03:40 (1527 turns).

OTABOTABOTAB the Insei (Octopode Transmuter)        Turns: 1527, Time: 00:03:40

Health: -4/28      AC:  2    Str:  8 (9)  XL:     4   Next: 63%
Magic:  14/16      EV: 25    Int: 14 (17) God:
Gold:   43         SH:  0    Dex: 17      Spells: 1/7 levels left

rFire   . . .      SeeInvis .      - Unarmed
rCold   . . .      Faith    .    (shield currently unavailable)
rNeg    . . .      Spirit   .    (helmet currently unavailable)
rPois   x          Reflect  .    (no amulet)
rElec   .          Harm     .    i - ring of magical power {MP+9}
rCorr   .          Rampage  .    g - +5 ring of evasion
Will    .....                    (no ring)
Stlth   ++                       (no ring)
HPRegen 0.24/turn                (no ring)
MPRegen 0.15/turn                (no ring)
                                 (no ring)
                                 (no ring)

@: spider-form (expiring)
A: venomous fangs, almost no armour, (amphibious), 8 rings, tiny, (camouflage
1), (gelatinous body 1), (nimble swimmer 1), (tentacles)
a: End Transformation


You were on level 2 of the Dungeon.
You were a venomous arachnid creature.
You visited 1 branch of the dungeon, and saw 2 of its levels.

You collected 43 gold pieces.

Inventory:

Hand Weapons
 a - a +0 sling
   (You found it on level 1 of the Dungeon)
Missiles
 m - a throwing net {=f, !d}
Jewellery
 g - a +5 ring of evasion (right front pincers)
   (You found it on level 2 of the Dungeon)
 i - a ring of magical power (left front pincers) {MP+9}
   (You found it on level 2 of the Dungeon)
Scrolls
 d - 2 scrolls of teleportation
 e - a scroll of noise {unknown}
 h - 4 scrolls of identify {unknown}
 k - a scroll of vulnerability {unknown}
 l - 2 scrolls of blinking {unknown}
Potions
 b - a potion of mutation {unknown}
 c - a potion of resistance {unknown}
 f - a potion of lignification {!q}
 j - 2 potions of heal wounds {unknown}


   Skills:
 - Level 1.0 Fighting
 + Level 3.1 Dodging
 + Level 3.9 Unarmed Combat
 - Level 2.0 Spellcasting
 + Level 3.1 Transmutations


You had one spell level left.
You knew the following spells:

 Your Spells              Type           Power      Damage    Failure   Level
a - Beastly Appendage     Tmut           20%        N/A       19%         1
b - Wereblood             Tmut           10%        N/A       24%         2
c - Spider Form           Tmut/Pois      5%         N/A       58%         3

Your spell library contained the following spells:

 Spells                   Type           Power      Damage    Failure   Level
 Ice Form                 Ice/Tmut       5%         N/A       90%         4


Dungeon Overview and Level Annotations

Branches:
Dungeon (2/15)

Altars:


Innate Abilities, Weirdness & Mutations

You are a venomous arachnid creature.
You have venomous fangs.
You are tiny and dextrous.
Your spellcasting is less reliable in this form.
Your armour is entirely melded.
You are incapable of wielding weapons or throwing items.
You cannot wear most types of armour.
((You are amphibious.))
You can wear up to eight rings at the same time.
((Your skin changes colour to match your surroundings (Stealth+).))
((Your rubbery body absorbs attacks. (AC +1, EV +1)))
((You are camouflaged when in or above water. (Stealth+)))
((You have tentacles for arms and can constrict up to eight enemies at once.))


Message History

The adder barely misses you.
You barely miss the adder. You grab the adder. You constrict the adder.
The adder misses you.
Unknown command.
You tentacle-slap the adder but do no damage.
You constrict the adder. The adder barely misses you. The adder misses you.
You barely miss the adder. You constrict the adder.
The adder closely misses you.
You tentacle-slap the adder but do no damage.
You constrict the adder. The adder closely misses you.
The spell is extremely dangerous to miscast (36% risk of failure)!
Continue anyway?
You miscast Spider Form.
You are very lightly contaminated with residual magic.
Strange energies run through your body.
You constrict the adder.
You kill the adder!
Your Transmutations skill increases to level 3!
You now have 13/16 mp.
The spell is extremely dangerous to miscast (36% risk of failure)!
Continue anyway?
You turn into a venomous arachnid creature.
The dart slug completely misses you.
You now have 10/16 mp.
You hit the dart slug.
The dart slug is poisoned.
You hit the dart slug but do no damage.
The dart slug looks as sick as possible!
Your transformation is almost over.
The dart slug launches a dart at you. The slug dart misses you.
You hit the dart slug.
You kill the dart slug!
Your Dodging skill increases to level 3!
You hit the gnoll.
The gnoll is poisoned.
The gnoll misses you.
You barely miss the gnoll. You hit the gnoll. The gnoll completely misses you.
You bite the gnoll!
You kill the gnoll!
The gnoll throws a throwing net.
The throwing net closely misses you.
You feel your dexterity returning.
You swing at nothing.
The gnoll throws a throwing net.
The throwing net completely misses you.
You swing at nothing.
You barely miss the gnoll. The gnoll hits you with a +0 whip!
You take 7 damage, and have 21/28 hp.
MASSIVE DAMAGE!!
You hit the gnoll. The gnoll misses you.
You hit the gnoll.
You kill the gnoll!
Your transformation has ended.
m - a throwing net {=f, !d}
There is an open door, spattered with blood here.
Items here: )) ††.
Your magical contamination has completely faded away.
You regained 3 hp, and now have 25/28 hp.
You regained 2 mp, and now have 14/16 mp.
You see here a bat corpse.
A gnoll comes into view.
It is wielding the +8 long sword "OTABOTABOTAB's Foe" {freeze, rPois rF- SInv}.
You see here 2 throwing nets {=f, !d}.
Health restored: 28; MP restored: 16 You see here 2 throwing nets {=f, !d}.
You can't see that place.
Unknown command.
Okay, then.
The spell is extremely dangerous to miscast (36% risk of failure)!
Continue anyway?
You miscast Spider Form.
You are very lightly contaminated with residual magic.
Nothing appears to happen.
You now have 13/16 mp.
You see here a +0 spear.
The spell is extremely dangerous to miscast (36% risk of failure)!
Continue anyway?
You miscast Spider Form.
Your body is twisted painfully.
You now have 10/16 mp.
You see here a +0 ring mail.
There is a stone staircase leading up here.
You climb upwards.
There is a stone staircase leading down here.
You start resting.
Your magical contamination has completely faded away.
You regained 2 mp, and now have 15/16 mp.
Unknown command.
You start resting.
MP restored: 16 Unknown command.
The spell is extremely dangerous to miscast (36% risk of failure)!
Continue anyway?
You turn into a venomous arachnid creature.
You now have 13/16 mp.
You climb downwards.
Your transformation is almost over.
The gnoll misses you.
There is a stone staircase leading up here.
You hit the gnoll but do no damage. You hit the gnoll.
The gnoll is poisoned.
The gnoll hits you with the +8 long sword "OTABOTABOTAB's Foe" {freeze, rPois rF- SInv}!
The gnoll freezes you.
You take 14 damage, and have 14/28 hp.
MASSIVE DAMAGE!!
You hit the gnoll. The gnoll misses you.
You hit the gnoll.
The gnoll hits you with the +8 long sword "OTABOTABOTAB's Foe" {freeze, rPois rF- SInv}!!
Ouch! That really hurt!
You die...

#....# ####.# #......#
######....######.# #......#
.....'.........#.# #)#
##.###....####...############†###
.†..÷÷...........[.........).(...
##÷#############.################
##.# #...### # ##.# #g#...## #
##.# #s###..# # +..# ### ##.## #
#### #..# # # ########.## # #
#......#..# # #......##.### #
#......##...#######
#......####.##..... #......#
#.##.####


You could see a gnoll (very poisoned).

Vanquished Creatures
  3 adders (D:2)
  2 gnolls (D:2)
  2 worms (D:2)
  2 dart slugs
  2 ball pythons (D:2)
  5 bats
  3 endoplasms (D:1)
  7 goblins
  A hobgoblin (D:1)
  A jackal (D:1)
  4 quokkas
  4 frilled lizards
  2 kobolds
  3 rats (D:1)
41 creatures vanquished.

Notes
Turn   | Place    | Note
-------+----------+-------------------------------------------
     0 | D:1      | OTABOTABOTAB the Octopode Transmuter began the quest for
                  | the Orb.
     0 | D:1      | Reached XP level 1. HP: 13/13 MP: 3/3
   201 | D:1      | Reached XP level 2. HP: 16/18 MP: 3/5
   381 | D:1      | Found a faded altar of an unknown god.
   682 | D:2      | Reached XP level 3. HP: 20/23 MP: 4/6
   685 | D:2      | Learned a level 2 spell: Wereblood
   689 | D:2      | Learned a level 3 spell: Spider Form
  1211 | D:2      | HP: 5/23 [poisoned by an adder]
  1212 | D:2      | Reached XP level 4. HP: 6/28 MP: 7/7
  1438 | D:2      | Reached skill level 3 in Transmutations
  1442 | D:2      | Reached skill level 3 in Dodging
  1479 | D:2      | Identified the +8 long sword "OTABOTABOTAB's Foe" {freeze,
                  | rPois rF- SInv}
  1527 | D:2      | Slain by a gnoll

Illustrated notes

Levels and vault maps discovered:
D:1:      dpeg_arrival_brainrot, layout_rooms, basic_ecumenical_altar
D:2:      layout_basic

Skill      XL: |  1  2  3  4 |
---------------+-------------+-----
Transmutations | 3 |  3.1
Dodging        | 3 |  3.1
Fighting       | |  1.0
Unarmed Combat | |  3.9
Spellcasting   | |  2.0

Action                   |  1- 3 |  4- 6 || total
-------------------------+-------+-------++-------
Melee: Unarmed           |    52 |    26 ||    78
       Constrict         |    15 |     1 ||    16
       Kick              |    13 |       ||    13
       Tentacles         |    12 |       ||    12
       Punch             |       |     1 ||     1
 Fire: Sling             |    25 |       ||    25
 Cast: Beastly Appendage |    14 |     1 ||    15
       Spider Form       |       |     3 ||     3
 Abil: End Transformatio |     9 |     1 ||    10
  Use: Scroll            |     1 |       ||     1
       Potion            |       |     2 ||     2
 Stab: Sleeping          |     1 |       ||     1
Armor: Skin              |     4 |       ||     4
Dodge: Dodged            |    30 |    16 ||    46

Table legend: (Time is in decaauts)
 A = Elapsed time spent in this place.
 B = Non-inter-level travel time spent in this place.
 C = Inter-level travel time spent in this place.
 D = Time resting spent in this place.
 E = Time spent auto-exploring this place.
 F = Levels seen in this place.
 G = Mean time per level.
                   A        B        C        D        E       F      G
               +--------+--------+--------+--------+--------+-----+--------+
         Total |   1525 |   1496 |     29 |    120 |   1058 |   2 |  762.5 |
       Dungeon |   1525 |   1496 |     29 |    120 |   1058 |   2 |  762.5 |
               +--------+--------+--------+--------+--------+-----+--------+

Top non-repeatable levels by time:
     D:2: 849 daAuts
     D:1: 675 daAuts

Table legend:
 A = Kills in this place as a percentage of kills in entire the game.
 B = Kills by you in this place as a percentage of kills by you in the entire game.
 C = Kills by friends in this place as a percentage of kills by friends in the entire game.
 D = Other kills in this place as a percentage of other kills in the entire game.
 E = Experience gained in this place as a percentage of experience gained in the entire game.
 F = Experience gained in this place divided by the number of levels of this place that you have seen.
                   A       B       C       D       E      F
               +-------+-------+-------+-------+-------+----------------------
         Total | 100.0 | 100.0 |   N/A |   N/A | 100.0 |  67.5
       Dungeon | 100.0 | 100.0 |   N/A |   N/A | 100.0 |  67.5
               +-------+-------+-------+-------+-------+----------------------
